 Dungeon Crawl Stone Soup version 0.30-a0-629-gd54f4be4f7 (webtiles) character file.

Game seed: 3607913572395466019

1555 acebull12 the Poker (level 8, -5/61 HPs)
             Began as a Demonspawn Fighter on Jan 12, 2023.
             Slain by Duvessa
             ... wielding a +0 short sword
              (9 damage)
             ... on level 5 of the Dungeon.
             The game lasted 00:13:30 (5816 turns).

acebull12 the Poker (Demonspawn Fighter)            Turns: 5816, Time: 00:13:30

Health: -5/61      AC: 14    Str: 19    XL:     8   Next: 58%
Magic:  0/8        EV:  7    Int:  9    God:
Gold:   337        SH:  5    Dex: 13    Spells: 7/7 levels left

rFire   + . .      SeeInvis +    a - +0 trident
rCold   . . .      Faith    .    c - +0 buckler
rNeg    . . .      Spirit   +    i - +2 chain mail {rPois}
rPois   +          Reflect  .    (no helmet)
rElec   .          Harm     .    (no cloak)
rCorr   .          Rampage  .    C - +0 pair of gloves
Will    .....                    e - +0 pair of boots Stlth
                                 f - amulet of guardian spirit
HPRegen 0.30/turn                p - ring of protection from fire
MPRegen 0.22/turn                o - ring of see invisible

@: no status effects
A: powered by death 2, magic regeneration
a: no special abilities


You were on level 5 of the Dungeon.
You visited 1 branch of the dungeon, and saw 5 of its levels.

You collected 337 gold pieces.

Inventory:

Hand Weapons
 a - a +0 trident (weapon)
Missiles
 b - 35 stones
 s - 4 poisoned darts (quivered)
Armour
 c - a +0 buckler (worn)
 e - a +0 pair of boots (worn)
 i - a +2 chain mail of poison resistance (worn)
 C - a +0 pair of gloves (worn)
Jewellery
 f - an amulet of guardian spirit (around neck)
 o - a ring of see invisible (right hand)
 p - a ring of protection from fire (left hand)
Wands
 v - a wand of flame (20)
 y - a wand of charming (11)
Scrolls
 g - 2 scrolls of magic mapping {unknown}
 j - 11 scrolls of identify {unknown}
 l - 3 scrolls of teleportation {unknown}
 m - 2 scrolls of fog {unknown}
 q - a scroll of enchant weapon {unknown}
 t - a scroll of silence {unknown}
 w - 2 scrolls of poison {unknown}
 x - a scroll of noise {unknown}
 A - a scroll of amnesia {unknown}
 B - a scroll of butterflies {unknown}
Potions
 d - 7 potions of might
 h - 2 potions of lignification {unknown}
 k - 2 potions of curing {unknown}
 n - a potion of mutation {unknown}
 r - a potion of invisibility
 u - a potion of ambrosia {unknown}
 z - a potion of berserk rage {unknown}


   Skills:
 + Level 4.4 Fighting
 * Level 6.7 Polearms
 + Level 0.4 Throwing
 - Level 6.0 Armour
 + Level 1.2 Dodging
 + Level 0.5 Stealth
 * Level 4.4 Shields


You had 7 spell levels left.
You didn't know any spells.
Your spell library contained the following spells:

 Spells                   Type           Power      Damage    Failure   Level
 Olgreb's Toxic Radiance  Pois           0%         N/A       100%        4
 Ozocubu's Refrigeration  Ice            0%         4d7       100%        7
 Ignition                 Fire           0%         3d3       100%        8


Dungeon Overview and Level Annotations

Branches:
Dungeon (5/15)
 Temple: D:4-7

Altars:
Ashenzari
Hepliaklqana
Kikubaaqudgha
Qazlal
Trog

Annotations:
D:5 Duvessa


Innate Abilities, Weirdness & Mutations

You regenerate health from kills.
You regenerate magic rapidly.


Message History

You open the door.
Found a stone staircase leading down.
You open the door.
There is an open door here.
There is an open door here.
Duvessa is nearby!
Duvessa goes berserk!
You reach to attack!
You hit Duvessa.
Duvessa is lightly wounded.
You hit Duvessa.
Duvessa is lightly wounded.
Duvessa hits you but does no damage. Duvessa barely misses you.
You puncture Duvessa!
Duvessa is moderately wounded.
Duvessa barely misses you. Duvessa hits you with a +0 short sword!
You puncture Duvessa!
Duvessa is moderately wounded.
Duvessa hits you with a +0 short sword!
You hit Duvessa.
Duvessa is heavily wounded.
Duvessa hits you with a +0 short sword! Duvessa hits you with a +0 short sword.
You closely miss Duvessa.
Duvessa is heavily wounded.
Duvessa hits you but does no damage. Duvessa hits you with a +0 short sword!
* * * LOW HITPOINT WARNING * * *
You barely miss Duvessa.
Duvessa is heavily wounded.
Duvessa hits you with a +0 short sword!
* * * LOW HITPOINT WARNING * * *
You barely miss Duvessa.
Duvessa is heavily wounded.
You block Duvessa's attack. Duvessa hits you with a +0 short sword.
* * * LOW HITPOINT WARNING * * *
You barely miss Duvessa.
Duvessa is heavily wounded.
You block Duvessa's attack.
You hit Duvessa.
Duvessa is heavily wounded.
Duvessa barely misses you. Duvessa hits you with a +0 short sword!
You die...

####.......# #.......########
### ###............# ..#
#...########.# ..# #...# #.#
..######### #...# #.#
..........# #...# #.#####
..........# #e..# #......
..........# ####@..# ######.
..........# #......#########
#... ..........#
#..............# #.##
..........###..............###.#
..........##...............'...#
...........<...............#####
..........##....########'###
................###### #.#
#'#..#...............# #.#


You could see Duvessa (berserk).

Vanquished Creatures
  Pikel (D:4)
  Edmund (D:4)
  A black bear (D:4)
  An ice beast (D:4)
  A centaur (D:5)
  2 lemures
  A kobold brigand (D:4)
  A bullfrog (D:5)
  3 scorpions
  Dowan (D:5)
  A jelly (D:5)
  A gnoll bouda (D:2)
  A hound (D:5)
  Ijyb (D:4)
  An iguana (D:5)
  3 orc wizards (D:5)
  2 adders
  5 gnolls
  A white imp (D:4)
  A worm (D:2)
  4 dart slugs
  6 orcs
  7 ball pythons
  9 endoplasms
  A giant cockroach (D:2)
  4 goblins
  3 hobgoblins
  8 kobolds
  7 quokkas
  6 bats
  3 frilled lizards (D:1)
  9 rats
97 creatures vanquished.

Notes
Turn   | Place    | Note
-------+----------+-------------------------------------------
     0 | D:1      | acebull12 the Demonspawn Fighter began the quest for the
                  | Orb.
     0 | D:1      | Reached XP level 1. HP: 18/18 MP: 1/1
   195 | D:1      | Gained mutation: You regenerate magic rapidly. [demonic
                  | ancestry]
   195 | D:1      | Reached XP level 2. HP: 24/24 MP: 2/2
   533 | D:1      | Reached XP level 3. HP: 26/29 MP: 3/3
  2504 | D:3      | Found a stormy altar of Qazlal.
  2505 | D:3      | Found an ancient bone altar of Kikubaaqudgha.
  2505 | D:3      | Found a hazy altar of Hepliaklqana.
  2506 | D:3      | Found a broken altar of Ashenzari.
  2677 | D:3      | Reached XP level 4. HP: 34/35 MP: 4/4
  2770 | D:4      | Noticed a scorpion
  2782 | D:4      | Killed a scorpion
  2866 | D:4      | Noticed a scorpion
  2875 | D:4      | Killed a scorpion
  2876 | D:4      | Reached XP level 5. HP: 42/42 MP: 3/5
  3099 | D:4      | Gained mutation: You regenerate a little health from kills.
                  | [demonic ancestry]
  3099 | D:4      | Reached XP level 6. HP: 48/48 MP: 6/6
  3449 | D:4      | Noticed Ijyb
  3470 | D:4      | Killed Ijyb
  3510 | D:4      | Noticed an ice beast
  3523 | D:4      | Killed an ice beast
  3805 | D:4      | Reached XP level 7. HP: 42/53 MP: 7/7
  4278 | D:5      | Entered Level 5 of the Dungeon
  4346 | D:5      | Noticed Pikel
  4394 | D:5      | Noticed Duvessa
  4394 | D:5      | Noticed Dowan
  4712 | D:4      | Killed Pikel
  4713 | D:4      | Reached skill level 5 in Polearms
  4713 | D:4      | Reached skill level 5 in Armour
  4713 | D:4      | Reached skill level 1 in Dodging
  4713 | D:4      | Gained mutation: You regenerate health from kills. [demonic
                  | ancestry]
  4713 | D:4      | Reached XP level 8. HP: 13/60 MP: 4/8
  4950 | D:5      | Found a bloodstained altar of Trog.
  5377 | D:5      | Noticed Edmund
  5453 | D:4      | Killed Edmund
  5631 | D:5      | Killed Dowan
  5814 | D:5      | HP: 3/61 [Duvessa/+0 short sword (1)]
  5816 | D:5      | Slain by Duvessa

Illustrated notes

Levels and vault maps discovered:
D:1:      dpeg_arrival_water_fire, layout_basic
D:2:      layout_loops_ring, minmay_misc_feat_ornament
D:3:      layout_basic, chequers_temple_overflow_statue_of_worship
D:4:      layout_basic, ebering_dispersal_statue_hall, uniq_ijyb
D:5:      layout_basic, mainiacjoe_overflow_chevrons, uniq_pikel, uniq_edmund,
          uniq_duvessa

Skill      XL: |  1  2  3  4  5  6  7  8 |
---------------+-------------------------+-----
Polearms       | 2 3 4 5 6 |  6.7
Armour         | 3 4 5 6 |  6.0
Shields        | 3 4 |  4.4
Fighting       | 4 |  4.4
Dodging        | 1 |  1.2
Throwing       | |  0.4
Stealth        | |  0.5

Action                   |  1- 3 |  4- 6 |  7- 9 || total
-------------------------+-------+-------+-------++-------
Melee: Trident           |   164 |   122 |   211 ||   497
Throw: Dart              |       |     4 |       ||     4
Armor: Scale mail        |    28 |       |       ||    28
       Chain mail        |    38 |    87 |    90 ||   215
Dodge: Dodged            |    47 |    48 |    67 ||   162
Block: Buckler           |    21 |    28 |    47 ||    96

Table legend: (Time is in decaauts)
 A = Elapsed time spent in this place.
 B = Non-inter-level travel time spent in this place.
 C = Inter-level travel time spent in this place.
 D = Time resting spent in this place.
 E = Time spent auto-exploring this place.
 F = Levels seen in this place.
 G = Mean time per level.
                   A        B        C        D        E       F      G
               +--------+--------+--------+--------+--------+-----+--------+
         Total |   5903 |   5196 |    707 |    714 |   3064 |   5 | 1180.6 |
       Dungeon |   5903 |   5196 |    707 |    714 |   3064 |   5 | 1180.6 |
               +--------+--------+--------+--------+--------+-----+--------+

Top non-repeatable levels by time:
     D:4: 1922 daAuts
     D:1: 1273 daAuts
     D:2: 1021 daAuts
     D:3: 892 daAuts
     D:5: 792 daAuts
